 Dungeon Crawl Stone Soup version 0.30.0-29-ga12c61a403 (webtiles) character file.

Game seed: 2895889655503571828

34743 GimliDwarf the Fighter (level 13, -5/162 HPs)
             Began as a Gnoll Wanderer on June 22, 2023.
             Was a High Priest of Okawaru.
             Killed from afar by a wretched star (21 damage)
             ... with a lance of force
             ... on level 2 of the Abyss.
             The game lasted 01:00:05 (16608 turns).

GimliDwarf the Fighter (Gnoll Wanderer)            Turns: 16608, Time: 01:00:05

Health: -5/162     AC: 26    Str:  8    XL:     13   Next: 79%
Magic:  17/26      EV:  2    Int:  5    God:    Okawaru [*****.]
Gold:   657        SH:  0    Dex: 19    Spells: 22/30 levels left

rFire   + . .        F - +4 demon blade "Nekef" {drain, +Blink rElec rC+ rCorr}
rCold   . . .        (no shield)
rNeg    . . .        d - melded +3 leather armour
rPois   +            L - melded +0 helmet
rElec   +            l - melded +1 cloak "Wajo" {rPois rCorr Int+4}
rCorr   +            A - melded +0 pair of gloves
SInv    .            (boots currently unavailable)
Will    .....        i - amulet of the acrobat
Stlth   ++++++       e - +5 ring of evasion
HPRegen 0.47/turn    h - ring of fire
MPRegen 0.20/turn

%: acrobat, clarity
@: tree-form, heroic
A: stationary, stasis, torment immunity, boosted hp, (fangs 1), strong nose,
distributed training, (hooves 1), (iridescent scales 2), clarity, [deterioration
2], [dopey 2], [weak 2], [no potion heal 2]
a: Renounce Religion, Evoke Blink, Heroism, Finesse, Duel


You were on level 2 of the Abyss.
You worshipped Okawaru.
Okawaru was extremely pleased with you.
You were a tree.
You visited 4 branches of the dungeon, and saw 16 of its levels.
You visited the Abyss 1 time.
You also visited: Ossuary and Volcano.

You collected 1257 gold pieces.
You spent 600 gold pieces at shops.

Inventory:

Hand Weapons
 a - a +3 falchion
 u - a +4 dire flail of holy wrath
 D - a +3 dagger of chaos
 F - the +4 demon blade "Nekef" (weapon) {drain, +Blink rElec rC+ rCorr}
   (You bought it in a shop on level 10 of the Dungeon)

   rC:        It protects you from cold.
   rElec:     It insulates you from electricity.
   +Blink:    It lets you blink.
   rCorr:     It protects you from acid and corrosion.
 H - a +1 hand crossbow of draining
Missiles
 g - 12 atropa-tipped darts
 q - a throwing net
 E - 2 curare-tipped darts
Armour
 d - a +3 leather armour (melded)
 l - the +1 cloak "Wajo" (melded) {rPois rCorr Int+4}
   (You found it on level 5 of the Dungeon)

   Int:       It affects your intelligence (+4).
   rPois:     It protects you from poison.
   rCorr:     It protects you from acid and corrosion.
 x - a +2 robe of positive energy
 A - a +0 pair of gloves (melded)
 L - a +0 helmet (melded)
Jewellery
 b - a ring of resist corrosion
 e - a +5 ring of evasion (left branch)
 h - a ring of fire (right branch)
 i - an amulet of the acrobat (around neck)
 j - a ring of wizardry
Wands
 f - a wand of roots (1)
 m - a wand of digging (10)
 K - a wand of quicksilver (5)
Scrolls
 n - 2 scrolls of fear
 t - 3 scrolls of fog
 v - 5 scrolls of teleportation
 w - a scroll of poison
 y - 2 scrolls of amnesia
 B - a scroll of silence
 J - a scroll of identify
Potions
 k - a potion of berserk rage
 o - 2 potions of brilliance
 p - 9 potions of curing
 r - a potion of resistance
 s - 2 potions of flight
 z - 2 potions of magic
 I - a potion of mutation


   Skills:
 + Level 12.2(17.2) Fighting
 + Level 8.9(13.9) Short Blades
 + Level 11.1(16.1) Long Blades
 + Level 8.9(13.9) Axes
 + Level 9.3(14.3) Maces & Flails
 + Level 8.9(13.9) Polearms
 + Level 8.9(13.9) Staves
 + Level 8.9(13.9) Ranged Weapons
 + Level 8.9(13.9) Throwing
 + Level 9.3(14.3) Armour
 + Level 8.9(13.9) Dodging
 + Level 8.9(13.9) Stealth
 + Level 8.9(13.9) Shields
 + Level 8.9(13.9) Unarmed Combat
 + Level 9.4 Spellcasting
 + Level 7.4 Conjurations
 + Level 7.4 Hexes
 + Level 7.4 Summonings
 + Level 7.4 Necromancy
 + Level 7.4 Translocations
 + Level 7.4 Transmutations
 + Level 7.4 Fire Magic
 + Level 7.4 Ice Magic
 + Level 7.4 Air Magic
 + Level 7.4 Earth Magic
 + Level 7.4 Poison Magic
 + Level 9.7 Invocations
 + Level 8.9 Evocations


You had 22 spell levels left.
You knew the following spells:

 Your Spells              Type           Power      Damage    Failure   Level
a - Sticky Flame          Conj/Fire      14%        2d4       10%         4
b - Flame Wave            Conj/Fire      14%        2d6       10%         4

Your spell library contained the following spells:

 Spells                   Type           Power      Damage    Failure   Level
 Inner Flame              Hex/Fire       14%        N/A       3%          3
 Portal Projectile        Hex/Tloc       18%        N/A       3%          3
 Blade Hands              Tmut           4%         N/A       26%         5
 Borgnjor's Vile Clutch   Necr/Erth      4%         N/A       26%         5
 Tukima's Dance           Hex            Unusable   N/A       N/A         3
 Animate Dead             Necr           Unusable   N/A       N/A         4
 Death Channel            Necr           Unusable   N/A       N/A         6

Dungeon Overview and Level Annotations

Branches:
Dungeon (10/15)            Temple (1/1) D:6            Lair (3/5) D:10
  Swamp (0/4) Lair:2       Spider (0/4) Lair:3          Orc (2/2) D:9
Ossuary (visited)         Volcano (visited)
    Elf: Orc:2

Altars:
Ashenzari
Cheibriados
Dithmenos
Elyvilon
Fedhas
Gozag
Hepliaklqana
Kikubaaqudgha
Makhleb
Nemelex Xobeh
Okawaru
Qazlal
Ru
Sif Muna
Trog
Uskayaw
Vehumet
Wu Jian
Xom
Yredelemnul
Zin
The Shining One

Shops:
D:3 *   D:10 (

Annotations:
D:4 3 runed translucent doors, Urgle's ghost, amateur DsFi
Orc:2 Rupert


Innate Abilities, Weirdness & Mutations

You are a tree.
Your roots penetrate the ground, keeping you stationary.
You cannot be teleported.
You are immune to unholy pain and torment.
Your maximum health is greatly increased.
Your equipment is partially melded.
((You have very sharp teeth.))
Your uncanny sense of smell can sniff out nearby items.
Your experience applies equally to all skills.
((You have large cloven feet.))
((You are mostly covered in iridescent scales. (AC +4)))
You possess an exceptional clarity of mind.
[Your body often deteriorates upon taking damage.]
[You are very dopey. (Int -4)]
[You are very weak. (Str -4)]
[Potions cannot restore your health.]


Message History

The starcursed mass shrieks in your mind.
You hit the blink frog. Your kick misses the blink frog.
You bite the blink frog, but do no damage.
The blink frog is lightly wounded.
The blink frog closely misses you.
You slice the blink frog!! You punch the blink frog.
Your bite misses the blink frog.
The blink frog is almost dead.
The starcursed mass burns!
The blink frog hits you!
The starcursed mass shrieks in your mind.
You barely miss the blink frog. You kick the blink frog.
You kill the blink frog!
Okawaru accepts your kill.
The wretched star glows turbulently.
The lance of force hits you!!
* * * LOW HITPOINT WARNING * * *
You are knocked back by the lance of force.
You slam into the stone wall!
* * * LOW HITPOINT WARNING * * *
You blink.
The starcursed mass burns!
The starcursed mass stops burning.
A starcursed mass splits.
Okay, then.
Your resistance to elements expires.
You feel stable enough to blink again. The blink frog completely misses you.
The wretched star pulses with an eldritch light!
You feel yourself wasting away.
You feel your body start to fall apart.
Your magical contamination has completely faded away.
The blink frog blinks!
Okay, then.
Really quaff the potion of lignification?
You turn into a tree.
The +1 cloak "Wajo" {rPois rCorr Int+4} melds into your body.
Your +0 helmet melds into your body.
Your +0 pair of gloves melds into your body.
Your +3 leather armour melds into your body.
Your roots penetrate the ground.
The wretched star glows turbulently.
The lance of force hits you!!
You die...

#≈≈.....#.# .
#.≈..#.#...#.
.###.X...#.##.#.
. . .# ##X#...##
##. #..F###.## .
... ###*## .# .
# # ####..###..#
. #..#.#...... .
. #.♣.###...##
.. ....[.####.
..#.. #.##. #*.
#. . # # # . ##
# . .. ..


You could see a wretched star and a blink frog.

Vanquished Creatures
  A tentacled starspawn (Abyss:2)
  3 hydras (Lair:2)
  A sun demon (D:10)
  3 wizards (Volcano)
  An orc knight (D:9)
  An orc sorcerer (D:9)
  2 oklob plants (Lair:2)
  A worldbinder (Abyss:2)
  2 black mambas (Lair:1)
  15 elephants
  3 rust devils (D:10)
  3 smoke demons (D:10)
  2 toenail golems (Volcano)
  An orange demon (D:10)
  Psyche (D:8)
  A rime drake (Lair:2)
  5 cane toads
  3 komodo dragons
  2 ice devils (D:10)
  A troll (D:10)
  A red devil (D:10)
  2 tyrant leeches (Lair:2)
  4 hellwings (D:10)
  Prince Ribbit (D:6)
  A polar bear (Lair:2)
  Grinder (D:6)
  2 blink frogs (Abyss:2)
  Sigmund (D:2)
  2 wyverns
  A basilisk (Lair:1)
  2 chaos spawn
  31 yaks
  4 vampire mosquitoes (D:10)
  Edmund (D:4)
  Menkaure (D:4)
  A large abomination (Abyss:2)
  5 swamp worms (Lair:2)
  4 water moccasins
  12 orc warriors
  3 black bears
  2 small abominations (Abyss:2)
  4 ogres
  An ice beast (D:5)
  11 wolves
  A centaur (D:8)
  2 phantoms (D:7)
  Blork the orc (D:6)
  5 bullfrogs
  2 kobold brigands
  3 gnoll sergeants (D:9)
  3 scorpions
  5 wights (D:8)
  10 killer bees
  7 quasits
  3 centaur zombies (Ossuary)
  3 gnoll boudas (D:8)
  2 jellies
  2 hounds
  5 orc priests
  6 iguanas
  A sleepcap (D:7)
  10 orc wizards
  2 ogre zombies (Ossuary)
  7 mummies (Ossuary)
  26 gnolls
  9 adders
  A shadow imp (D:6)
  6 adder zombies (Ossuary)
  3 dart slugs
  2 worms
  30 orcs
  9 endoplasms
  6 giant cockroaches
  10 goblins
  12 hobgoblins
  3 jackals (D:3)
  20 kobolds
  7 quokkas
  5 ball pythons
  6 bats
  6 frilled lizards
  3 goblin zombies (Ossuary)
  4 hobgoblin zombies (Ossuary)
  4 kobold zombies (Ossuary)
  6 quokka zombies (Ossuary)
  2 rats (D:2)
  2 rat zombies (Ossuary)
  A butterfly (D:6)
413 creatures vanquished.

Vanquished Creatures (others)
  2 starspawn tentacles (Abyss:2)
2 creatures vanquished.

Grand Total: 415 creatures vanquished

Notes
Turn   | Place    | Note
-------+----------+-------------------------------------------
     0 | D:1      | GimliDwarf the Gnoll Wanderer began the quest for the Orb.
     0 | D:1      | GimliDwarf set off with the following items: a +3 falchion,
                  | a +0 mace, a scroll of teleportation, a +0 leather armour.
     0 | D:1      | Reached XP level 1. HP: 26/26 MP: 4/4
    73 | D:1      | Reached XP level 2. HP: 33/33 MP: 5/5
   323 | D:1      | Reached XP level 3. HP: 38/38 MP: 7/7
   583 | D:1      | Reached skill level 1 in Invocations
   794 | D:2      | Reached skill level 1 in Short Blades
   794 | D:2      | Reached skill level 1 in Axes
   794 | D:2      | Reached skill level 1 in Polearms
   794 | D:2      | Reached skill level 1 in Staves
   794 | D:2      | Reached skill level 1 in Ranged Weapons
   794 | D:2      | Reached skill level 1 in Throwing
   794 | D:2      | Reached skill level 1 in Dodging
   794 | D:2      | Reached skill level 1 in Stealth
   794 | D:2      | Reached skill level 1 in Shields
   794 | D:2      | Reached skill level 1 in Unarmed Combat
   794 | D:2      | Reached skill level 1 in Evocations
  1054 | D:2      | Reached XP level 4. HP: 45/45 MP: 8/8
  1201 | D:2      | Noticed Sigmund
  1615 | D:3      | Reached skill level 1 in Conjurations
  1615 | D:3      | Reached skill level 1 in Hexes
  1615 | D:3      | Reached skill level 1 in Summonings
  1615 | D:3      | Reached skill level 1 in Necromancy
  1615 | D:3      | Reached skill level 1 in Translocations
  1615 | D:3      | Reached skill level 1 in Transmutations
  1615 | D:3      | Reached skill level 1 in Fire Magic
  1615 | D:3      | Reached skill level 1 in Ice Magic
  1615 | D:3      | Reached skill level 1 in Air Magic
  1615 | D:3      | Reached skill level 1 in Earth Magic
  1615 | D:3      | Reached skill level 1 in Poison Magic
  1776 | D:3      | Reached XP level 5. HP: 41/51 MP: 9/9
  1997 | D:3      | Found an ancient bone altar of Kikubaaqudgha.
  2005 | D:3      | Gained mutation: You are partially covered in iridescent
                  | scales. (AC +2) [potion of mutation]
  2005 | D:3      | Gained mutation: You are mostly covered in iridescent
                  | scales. (AC +4) [potion of mutation]
  2005 | D:3      | Gained mutation: You possess an exceptional clarity of
                  | mind. [potion of mutation]
  2005 | D:3      | Gained mutation: You have large cloven feet. [potion of
                  | mutation]
  2266 | D:3      | Found Bipoc's General Store.
  2362 | D:2      | Killed Sigmund
  2363 | D:2      | Reached XP level 6. HP: 57/57 MP: 9/11
  2418 | D:4      | Found an iron altar of Okawaru.
  2424 | D:4      | Became a worshipper of Warmaster Okawaru
  2461 | D:4      | Found a sacrificial altar of Ru.
  2678 | D:4      | Noticed a black bear
  2692 | D:3      | Killed a black bear
  2693 | D:3      | Reached XP level 7. HP: 61/63 MP: 12/12
  2835 | D:4      | Noticed Menkaure
  3072 | D:4      | Noticed Edmund
  3104 | D:4      | Killed Edmund
  3104 | D:4      | Reached * piety under Okawaru
  3105 | D:4      | Reached skill level 9 in Fighting
  3222 | D:4      | Found a broken altar of Ashenzari.
  3258 | D:4      | Found a stormy altar of Qazlal.
  3775 | D:4      | Found a runed translucent gate.
  3776 | D:4      | Found a runed translucent gate.
  3776 | D:4      | Noticed Urgle's ghost (amateur DsFi)
  3778 | D:4      | Found a runed translucent gate.
  3842 | D:4      | Killed Menkaure
  4031 | D:5      | Entered Level 5 of the Dungeon
  4271 | D:5      | Reached XP level 8. HP: 71/71 MP: 14/14
  4450 | D:5      | Found a sand-covered staircase.
  4463 | D:5      | Identified the +1 cloak "Wajo" {rPois rCorr Int+4}
  4470 | Ossuary  | Entered an ossuary
  5009 | D:5      | Found a shadowy altar of Dithmenos.
  5706 | D:6      | Reached ** piety under Okawaru
  5857 | D:6      | Reached XP level 9. HP: 72/77 MP: 16/16
  5893 | D:6      | Reached skill level 5 in Spellcasting
  6069 | D:6      | Found an ornate altar of the Wu Jian Council.
  6175 | D:6      | Noticed Prince Ribbit
  6208 | D:6      | Killed Prince Ribbit
  6209 | D:6      | Reached skill level 5 in Maces & Flails
  6209 | D:6      | Reached skill level 5 in Armour
  6325 | D:6      | Noticed Blork the orc
  6325 | D:6      | Noticed Grinder
  6333 | D:6      | Killed Grinder
  6361 | D:6      | Killed Blork the orc
  6420 | D:6      | Found a staircase to the Ecumenical Temple.
  6593 | Temple   | Entered the Ecumenical Temple
  6769 | D:6      | Learned a level 4 spell: Sticky Flame
  6774 | D:6      | Learned a level 4 spell: Flame Wave
  6858 | D:7      | Reached skill level 5 in Invocations
  6929 | D:7      | Found a blossoming altar of Fedhas.
  7192 | D:7      | Reached *** piety under Okawaru
  7586 | D:3      | Bought a potion of lignification for 36 gold pieces
  7586 | D:3      | Bought a scroll of identify for 24 gold pieces
  7958 | D:8      | Reached skill level 5 in Short Blades
  7958 | D:8      | Reached skill level 5 in Axes
  7958 | D:8      | Reached skill level 5 in Polearms
  7958 | D:8      | Reached skill level 5 in Staves
  7958 | D:8      | Reached skill level 5 in Ranged Weapons
  7958 | D:8      | Reached skill level 5 in Throwing
  7958 | D:8      | Reached skill level 5 in Dodging
  7958 | D:8      | Reached skill level 5 in Stealth
  7958 | D:8      | Reached skill level 5 in Shields
  7958 | D:8      | Reached skill level 5 in Unarmed Combat
  7958 | D:8      | Reached skill level 5 in Evocations
  7958 | D:8      | Reached XP level 10. HP: 85/85 MP: 15/18
  7960 | D:8      | Reached skill level 10 in Fighting
  8710 | D:8      | Noticed Psyche
  8718 | D:8      | Killed Psyche
  8921 | D:9      | Reached **** piety under Okawaru
  9051 | D:9      | Found a staircase to the Orcish Mines.
  9061 | D:9      | Received a gift from Okawaru
  9485 | D:9      | Reached skill level 5 in Conjurations
  9485 | D:9      | Reached skill level 5 in Hexes
  9485 | D:9      | Reached skill level 5 in Summonings
  9485 | D:9      | Reached skill level 5 in Necromancy
  9485 | D:9      | Reached skill level 5 in Translocations
  9485 | D:9      | Reached skill level 5 in Transmutations
  9485 | D:9      | Reached skill level 5 in Fire Magic
  9485 | D:9      | Reached skill level 5 in Ice Magic
  9485 | D:9      | Reached skill level 5 in Air Magic
  9485 | D:9      | Reached skill level 5 in Earth Magic
  9485 | D:9      | Reached skill level 5 in Poison Magic
  9491 | D:9      | Reached XP level 11. HP: 83/92 MP: 21/21
  9768 | D:10     | Entered Level 10 of the Dungeon
  9968 | D:10     | Received a gift from Okawaru
  9979 | D:10     | Found a staircase to the Lair.
 10166 | D:10     | Found Goatow's Antique Weapon Shop.
 11042 | D:10     | Reached skill level 11 in Fighting
 11098 | D:10     | Found a radiant altar of Vehumet.
 11117 | D:10     | Received a gift from Okawaru
 11260 | D:10     | Reached XP level 12. HP: 97/100 MP: 23/23
 11287 | D:10     | Noticed a sun demon
 11316 | D:10     | Reached ***** piety under Okawaru
 11347 | D:10     | Killed a sun demon
 11577 | Orc:1    | Entered Level 1 of the Orcish Mines
 12005 | Orc:1    | Reached skill level 10 in Long Blades
 12255 | Orc:2    | Entered Level 2 of the Orcish Mines
 12286 | Orc:1    | Received a gift from Okawaru
 12485 | Orc:2    | Noticed Rupert
 12487 | Orc:2    | Noticed a soul eater
 12495 | Orc:2    | Paralysed by an orc sorcerer for 4 turns
 12502 | Orc:2    | Paralysed by an orc sorcerer for 2 turns
 12505 | Orc:2    | Paralysed by Rupert for 4 turns
 12567 | D:10     | Bought an ancient demon blade for 540 gold pieces
 12567 | D:10     | Identified the +4 demon blade "Nekef" {drain, +Blink rElec
                  | rC+ rCorr} (You bought it in a shop on level 10 of the
                  | Dungeon)
 12888 | Lair:1   | Entered Level 1 of the Lair of Beasts
 13066 | Lair:1   | Received a gift from Okawaru
 14223 | Lair:2   | Reached XP level 13. HP: 101/107 MP: 25/25
 14256 | Lair:2   | Received a gift from Okawaru
 14596 | Lair:2   | Found a blossoming altar of Fedhas.
 15154 | Lair:2   | Reached skill level 12 in Fighting
 15619 | Lair:2   | Received a gift from Okawaru
 15703 | Lair:2   | Found a staircase to the Swamp.
 16193 | Lair:3   | Found a dark tunnel.
 16199 | Volcano  | Entered a volcano
 16394 | Abyss:2  | Cast into level 2 of the Abyss (a wizard)
 16418 | Abyss:2  | Noticed a tentacled starspawn
 16428 | Abyss:2  | Killed a tentacled starspawn
 16428 | Abyss:2  | Identified the +1 robe "Okiher" {Rampage +Blink rC- MP-9
                  | Dex+5} (Okawaru gifted it to you on level 2 of the Abyss)
 16428 | Abyss:2  | Received a gift from Okawaru
 16559 | Abyss:2  | Noticed a starcursed mass
 16608 | Abyss:2  | Killed from afar by a wretched star

Illustrated notes

Levels and vault maps discovered:
D:1:      dpeg_arrival_orchard, layout_basic
D:2:      minmay_chambers_of_twos, layout_basic, kennysheep_generic_room_11,
          uniq_sigmund
D:3:      layout_rooms, pf_just_have_faith, serial_shops, nicolae_shop_crystal,
          st_stairs_1
D:4:      layout_basic, grunt_qazlal_clouds,
          mainiacjoe_overflow_six_doors_small, nicolae_overflow_crystal_walls,
          nicolae_ru_sacrificial_ziggurat, gammafunk_ghost_nasty_kobolds,
          grunt_ministairs_9, serial_bayou_lagoon_b, uniq_edmund, uniq_menkaure
D:5:      layout_loops_corners, mainiacjoe_overflow_24_doors,
          nicolae_ossuary_entry_ruins
D:6:      nicolae_cairo_tiling_very_big, layout_loops_ring,
          nzn_wu_jian_contemplation, minmay_temple_entry_butterflies,
          uniq_blork_the_orc, uniq_prince_ribbit1, uniq_grinder
D:7:      layout_rooms, marbit_many_paths, minmay_stone_trees_small
D:8:      layout_basic, uniq_psyche
D:9:      layout_rooms, orc_0_dummy
D:10:     layout_loops_ring, mainiacjoe_overflow_paths, david_lair_shrubbed,
          serial_shops, nicolae_shop_rolling_square, serial_demonic,
          serial_demonic_f, serial_demonic_d, serial_demonic_a,
          serial_demonic_a, serial_demonic_f, serial_demonic_b
Temple:   nicolae_temple_bog_church
Lair:1:   layout_cave_pods
Lair:2:   layout_big_grid, palyth_hydra_swamp_entry,
          chequers_serial_rivers_small_3, hangedman_tree_tricks, st_stairs_5,
          infiniplex_staircase_pool
Lair:3:   layout_misc_corridors, hellmonk_spider_entry_not_the_bees,
          special_room [special_room_mythical_zoo],
          nicolae_volcano_entry_lava_flow, st_stairs_10,
          nicolae_quartered_pool_little, dreamdust_mushroom_princess,
          dreamdust_gnoll_shepherd, uniq_snorg
Orc:1:    layout_caves, uniq_harold
Orc:2:    st_orc_town, layout_diamond_mine, uniq_rupert
Abyss:2:  base:
D:9
Volcano:  volcano_bunker

Skill      XL: |  1  2  3  4  5  6  7  8  9 10 11 12 13 |
---------------+----------------------------------------+-----
Invocations    | 1 2 3 4 5 6 7 8 9 |  9.7
Short Blades   | 1 2 3 4 5 6 7 8 |  8.9
Axes           | 1 2 3 4 5 6 7 8 |  8.9
Polearms       | 1 2 3 4 5 6 7 8 |  8.9
Staves         | 1 2 3 4 5 6 7 8 |  8.9
Ranged Weapons | 1 2 3 4 5 6 7 8 |  8.9
Throwing       | 1 2 3 4 5 6 7 8 |  8.9
Dodging        | 1 2 3 4 5 6 7 8 |  8.9
Stealth        | 1 2 3 4 5 6 7 8 |  8.9
Shields        | 1 2 3 4 5 6 7 8 |  8.9
Unarmed Combat | 1 2 3 4 5 6 7 8 |  8.9
Evocations     | 1 2 3 4 5 6 7 8 |  8.9
Spellcasting   | 3 4 5 6 7 8 9 |  9.4
Conjurations   | 1 2 3 4 5 6 7 |  7.4
Hexes          | 1 2 3 4 5 6 7 |  7.4
Summonings     | 1 2 3 4 5 6 7 |  7.4
Necromancy     | 1 2 3 4 5 6 7 |  7.4
Translocations | 1 2 3 4 5 6 7 |  7.4
Transmutations | 1 2 3 4 5 6 7 |  7.4
Fire Magic     | 1 2 3 4 5 6 7 |  7.4
Ice Magic      | 1 2 3 4 5 6 7 |  7.4
Air Magic      | 1 2 3 4 5 6 7 |  7.4
Earth Magic    | 1 2 3 4 5 6 7 |  7.4
Poison Magic   | 1 2 3 4 5 6 7 |  7.4
Maces & Flails | 3 4 5 6 7 8 9 |  9.3
Armour         | 3 4 5 6 7 8 9 |  9.3
Long Blades    | 7 8 9 10 11 | 11.1
Fighting       | 9 10 11 12 | 12.2

Action                     |  1- 3 |  4- 6 |  7- 9 | 10-12 | 13-15 || total
---------------------------+-------+-------+-------+-------+-------++-------
  Melee: Falchion          |    88 |   104 |    30 |       |       ||   222
         Bite              |     4 |     4 |    31 |    77 |    33 ||   149
         Punch             |       |     4 |     2 |    12 |    15 ||    33
         Kick              |       |     6 |    89 |   189 |    78 ||   362
         Dire flail        |       |       |   268 |   407 |    38 ||   713
         Demon blade       |       |       |       |   125 |   128 ||   253
  Throw: Throwing net      |       |     1 |     1 |     2 |       ||     4
         Dart              |       |     8 |    10 |    16 |     3 ||    37
   Cast: Flame Wave        |       |       |     1 |     3 |       ||     4
         Sticky Flame      |       |       |       |    37 |    39 ||    76
 Invoke: Heroism           |       |       |     2 |    16 |     3 ||    21
         Finesse           |       |       |       |     3 |     1 ||     4
Ability: Evoke Blink       |       |       |       |       |     1 ||     1
  Evoke: Wand              |       |       |    17 |    15 |       ||    32
    Use: Scroll            |       |     6 |    17 |     5 |     1 ||    29
         Potion            |       |     1 |     2 |     1 |     3 ||     7
   Stab: Sleeping          |     2 |     2 |    17 |     4 |     3 ||    28
         Invisible         |       |     3 |     2 |       |       ||     5
         Distracted        |       |       |       |       |     1 ||     1
 Armour: Leather armour    |    20 |    13 |    62 |   172 |    61 ||   328
  Dodge: Dodged            |    54 |   112 |   252 |   831 |   238 ||  1487
